AoeStats
← 晚辞

Arena

510517025Analyzed
4v4 RM · 2d ago on Oct 1, 2026· 40m 22s· 8 players
Game mode
Random Map
Map size
Large (8 player)
Population
200
Speed
Normal
Resources
Standard
Victory
Conquest
Starting age
Dark Age
Ending age
Imperial Age
RankedLock teamsTeams togetherTeam positionsShared explorationLock speedFull tech treeHidden civsTurbo modeCheats
Victory
Defeat
🇨🇳 Varangians · China
1539
+11
🇨🇳 Georgians · China
1533
+12
🇨🇳 Dravidians · China
1516
+12
🇨🇳 Persians · China
1474
+14
🇨🇳 Danes · China
1478
-14
🇮🇳 Saxons · India
1476
-14
🇨🇳 Italians · China
1401
-11
🇨🇳 Vikings · China
1374
-10
Ziokhl
10:10 Feudal Age
11:34 Double-Bit Axe
13:57 Castle Age
11:47 Horse Collar
12:02 Double-Bit Axe
12:33 Horse Collar
15:57 Bow Saw
19:36 Heavy Plow
22:58 Gold Mining
27:01 Imperial Age
24:44 Scale Mail Armor
25:37 Gold Shaft Mining
24:42 Man-at-Arms
25:41 Chain Mail Armor
25:36 Forging
25:57 Squires
25:42 Arson
25:46 Long Swordsman
27:52 Iron Casting
27:03 Two-Handed Swordsman
27:39 Loom
27:39 Town Watch
27:39 Loom
28:10 Champion
29:47 Plate Mail Armor
30:19 Blast Furnace
32:53 Fletching
33:04 Padded Archer Armor
34:12 Crossbowman
34:44 Elite Skirmisher
35:34 Arbalester
36:30 Leather Archer Armor
36:13 Stone Mining
36:30 Bodkin Arrow
37:54 Ring Archer Armor
37:39 Pikeman
39:28 Two-Man Saw
40:14 Chemistry
39:34 Ballistics
40:49 Conscription
Lyrachord
11:16 Feudal Age
9:48 Loom
12:23 Double-Bit Axe
14:55 Castle Age
13:44 Horse Collar
16:08 Scale Mail Armor
18:44 Town Watch
19:45 Forging
25:11 Wheelbarrow
33:49 Hand Cart
37:20 Imperial Age
34:43 Fletching
34:54 Padded Archer Armor
35:38 Ballistics
35:45 Crossbowman
36:32 Thumb Ring
36:49 Gold Mining
36:51 Stone Mining
37:50 Bodkin Arrow
38:11 Leather Archer Armor
39:22 Chemistry
38:28 Capped Ram
39:16 Bracer
38:42 Arbalester
今夜月色真好
10:22 Feudal Age
11:20 Double-Bit Axe
14:04 Castle Age
11:54 Horse Collar
18:38 Wheelbarrow
18:19 Loom
21:10 Bow Saw
21:14 Heavy Plow
23:16 Gold Mining
23:35 Stone Mining
28:17 Imperial Age
26:32 Hand Cart
26:05 Town Watch
26:59 Gold Shaft Mining
26:59 Stone Shaft Mining
26:38 Scale Mail Armor
26:48 Forging
27:56 Chain Mail Armor
27:51 Forging
28:27 Elite Jomsviking
29:28 Conscription
28:29 Capped Ram
28:49 Hamask
30:02 Plate Mail Armor
30:08 Iron Casting
31:14 Squires
30:59 Arson
30:49 Siege Ram
32:14 Siege Engineers
34:00 Blast Furnace
36:00 Fletching
36:32 Ballistics
37:12 Chemistry
35:59 Arrowslits
36:10 Murder Holes
36:25 Masonry
37:05 Bodkin Arrow
37:14 Padded Archer Armor
38:05 Bracer
39:00 Pikeman
39:26 Gambesons
41:05 Hoardings
40:09 Halberdier
Dd
12:05 Feudal Age
16:28 Castle Age
20:27 Imperial Age
18:09 Double-Bit Axe
18:51 Fletching
19:02 Padded Archer Armor
19:35 Bodkin Arrow
22:08 Chemistry
21:22 Bodkin Arrow
21:53 Padded Archer Armor
23:37 Horse Collar
24:15 Leather Archer Armor
32:26 Bracer
33:00 Elite Skirmisher
34:20 Ring Archer Armor
38:47 Ballistics
给你一棒槌
10:10 Feudal Age
13:42 Castle Age
12:06 Double-Bit Axe
12:24 Horse Collar
14:42 Bow Saw
21:40 Wheelbarrow
21:36 Gold Mining
22:37 Heavy Plow
23:31 Hand Cart
27:52 Imperial Age
25:10 Town Watch
25:10 Loom
25:55 Fortified Wall
27:07 Padded Archer Armor
27:14 Medical Corps
28:08 Leather Archer Armor
28:03 Elite Elephant Archer
28:50 Fletching
29:35 Ring Archer Armor
30:59 Bodkin Arrow
32:37 Ballistics
32:37 Stone Mining
33:08 Bracer
34:39 Chemistry
34:52 Thumb Ring
36:55 Caravan
37:07 Guilds
37:28 Coinage
40:49 Two-Man Saw
40:54 Banking
晚辞
10:48 Feudal Age
11:30 Double-Bit Axe
14:22 Castle Age
12:35 Horse Collar
15:17 Bow Saw
18:43 Wheelbarrow
22:06 Loom
25:13 Gold Mining
29:30 Imperial Age
27:46 Hand Cart
28:14 Bloodlines
28:19 Forging
28:32 Husbandry
28:42 Town Watch
29:36 Iron Casting
29:09 Scale Barding Armor
29:07 Cavalier
31:14 Chain Barding Armor
30:42 Savar
32:18 Gold Shaft Mining
31:36 Stone Mining
32:43 Conscription
36:50 Coinage
37:31 Plate Barding Armor
38:01 Blast Furnace
37:06 Heavy Plow
38:17 Stone Shaft Mining
38:45 Banking
真的很弱
9:59 Feudal Age
13:36 Castle Age
11:33 Double-Bit Axe
11:53 Horse Collar
15:57 Wheelbarrow
21:59 Bow Saw
23:00 Wheelbarrow
28:11 Imperial Age
25:29 Town Watch
25:34 Treadmill Crane
26:01 Loom
26:33 Hand Cart
27:26 Scale Barding Armor
27:32 Forging
29:19 Conscription
28:20 Elite Jarl
29:43 Chain Barding Armor
29:38 Husbandry
29:49 Bloodlines
29:51 Gold Mining
29:53 Stone Mining
30:17 Bow Saw
30:11 Heavy Plow
31:32 Plate Barding Armor
31:52 Iron Casting
33:23 Murder Holes
34:43 Blast Furnace
33:43 Fletching
37:19 Stone Shaft Mining
36:57 Bodkin Arrow
37:00 Gothikon
38:56 Two-Man Saw
38:28 Crop Rotation
38:53 Vendel Legacy
40:44 Coinage
40:24 Guilds
40:53 Bracer
shenxu
10:25 Feudal Age
14:02 Castle Age
11:59 Double-Bit Axe
12:37 Horse Collar
15:14 Bow Saw
20:41 Sanctity
22:27 Wheelbarrow
24:40 Loom
25:10 Hand Cart
25:53 Fletching
28:53 Svan Towers
28:47 Bodkin Arrow
29:49 Guard Tower
33:18 Imperial Age
31:08 Masonry
30:53 Stone Mining
33:08 Ballistics
34:20 Block Printing
34:42 Theocracy
35:44 Fervor
36:21 Keep
36:46 Chemistry
35:47 Bracer
35:50 Gold Mining
36:02 Heavy Plow
36:40 Stone Shaft Mining
36:13 Scale Mail Armor
36:01 Arrowslits
36:51 Redemption
36:11 Pikeman
36:52 Squires
36:50 Treadmill Crane
36:58 Halberdier
37:54 Chain Mail Armor
39:13 Plate Mail Armor
38:53 Forging
41:33 Iron Casting
Connection lost

Rejoining the realm…

Still unreachable

The connection could not be restored.

Session expired

The server has moved on; the page needs a fresh start.